Unix xNetHack Version 8.0.0 - last build Jan 14 2024 16:46:22 (be4d3c81716514284228e1a23197c27ddb32b841). Game began 2024-03-11 14:51:42, ended 2024-03-11 23:47:43. Catomat, neutral female human Wizard -.------- |.......| #........| --------------- #|........## ------------- |.............| #|.......| # |...........| #..............| #---------####............| #|.......*.....| ## #### ##|...........| #|<.....~......| # ## #|...........| #-..------------ # ## #|............## ####[# # # #-...........| ## # ###### # # ------------- # # 0## ##### # #### #### # #### #### # # # # ---.-------.---- # # # # |............>.| -----#### # -----@ |..............| |...|# # |...|d |..............| |...-# ##-...|# ---------------- |...| |..<.# ----- ----- Catomat the Thaumaturge St:12 Dx:13 Co:17 In:18 Wi:14 Ch:10 Neutral S:11852 Dlvl:7 $:268 HP:0(64) Pw:70(80) AC:0 Xp:8/1602 T:22014 Latest messages: In what direction? You hear nothing special. What do you want to use or apply? [ackosuwT or ?*] In what direction? You hear nothing special. Where do you want to travel to? (For instructions type a '?') You hear bubbling water. It explodes! You are caught in a blast of kaleidoscopic light! You are freaked out. What do you want to use or apply? [ackosuwT or ?*] Nothing seems to happen. What do you want to use or apply? [ackosuwT or ?*] Everything looks SO boring now. You descend the stairs. What do you want to wear? [*] You are now wearing a plastic blindfold. You can't see any more. You feel worried about Alfie. Where do you want to travel to? (For instructions type a '?') The door opens. You swap places with Alfie. What do you want to remove? [mQT or ?*] You were wearing an uncursed plastic blindfold {4}. You can see again. The door opens. You swap places with Alfie. You swap places with Alfie. You see here 2 eggs. y - 2 eggs {2}. Where do you want to travel to? (For instructions type a '?') You are almost hit by a wooden runed dagger. You hear a nearby zap. The bolt of cold hits you! You hear a nearby zap. The bolt of cold hits you! The bolt of cold hits it. In what direction? The magic missile hits it. You hear a nearby zap. The bolt of cold hits you! You die... Do you want your possessions identified? [ynq] (y) Do you want to see your attributes? [ynq] (y) Do you want an account of creatures vanquished? [ynaq] (y) Do you want to see your conduct and achievements? [ynq] (y) Do you want to see the dungeon overview? [ynq] (y) Inventory: Inventory: 440/775 weight (28/52 slots) Coins $ - 268 gold pieces {3} Weapons b - 7 +0 daggers (at the ready) {70} d - a blessed +1 elven dagger (weapon in hand) {10} Armor H - an uncursed +0 stone orcish helm (being worn) {20} G - an uncursed +0 pair of leather gloves (being worn) {8} B - a blessed thoroughly corroded +1 pair of dwarvish boots (being worn) {38} x - an uncursed +0 alchemy smock with text "I'm making SCIENCE!" {10} C - an uncursed +0 cloak of magic resistance (being worn) {8} M - an uncursed +0 wooden elven ring mail (being worn) {53} Comestibles h - 3 uncursed food rations {60} v - an uncursed food ration {20} y - 2 uncursed eggs {2} N - an uncursed lizard corpse {10} Scrolls q - a cursed scroll of earth {5} r - an uncursed scroll of genocide {5} W - an uncursed scroll of identify {5} U - a blessed scroll of water {5} Potions K - an uncursed potion of extra healing {20} Rings A - an uncursed -3 ring of increase damage {3} m - an uncursed ring of sustain ability (on right hand) {3} Q - an uncursed ring of teleport control (on left hand) {2} Wands a - a wand of digging (0:6) {7} o - a wand of magic missile (0:0) {7} c - a wand of striking (0:4) {7} Tools T - an uncursed plastic blindfold {4} w - an uncursed lantern {30} k - an uncursed lock pick {4} s - an uncursed wooden stethoscope {1} u - a +0 unicorn horn {20} Catomat the Wizard's attributes: Background: You were a Thaumaturge, a level 8 female human Wizard. You were neutral, on a mission for Thoth who was opposed by Ptah (lawful) and Anhur (chaotic). You were heterosexual. You were in the Dungeons of Doom, on level 7. You entered the dungeon 22014 turns ago. It was nighttime. There was a new moon in effect when your adventure ended. You had 1602 experience points, 958 more were needed to attain level 9. Your score was 11852 before end-of-game adjustments. Basics: You had 0 out of 64 hit points. You had 70 out of 80 energy points (spell power). Your armor class was 0. Your wallet contained 268 zorkmids. Autopickup was on for '$"?!=/' plus thrown. Final Characteristics: Your strength was 12 (peak:14, limit:18/100). Your dexterity was 13 (limit:18). Your constitution was 17 (limit:18). Your intelligence was 18 (limit:18). Your wisdom was 14 (limit:18). Your charisma was 10 (limit:18). Final Status: You were not hungry. You were unencumbered. You were wielding a dagger. You were skilled in dagger. Final Attributes: You were piously aligned. You were magic-protected. You were sleep resistant. You were telepathic. You had teleport control. You had a small defense bonus (+3). You were warded. You had fixed abilities. You are dead. Miscellaneous: You never encountered a bones level. Total elapsed playing time was 6 hours, 51 minutes and 10 seconds. Major events: Turn 1: Catomat the neutral female human Wizard entered the dungeon 596: attained the rank of Conjurer (level 3) 639: entered the Gnomish Mines 2356: read a Discworld novel 4730: found Trollsbane carried by a monster 5068: attained the rank of Thaumaturge (level 6) 5235: reached Mine Town 9484: entered Sokoban 9885: completed 1st Sokoban level 14401: completed 2nd Sokoban level 15143: completed 3rd Sokoban level 22014: killed by a bolt of cold zapped by a Green-elf Vanquished creatures: a black pudding an orc-captain 2 small mimics a pyrolisk a Grey-elf a leather golem a watchman a giant beetle 2 panthers a gremlin 3 leprechauns an iron piercer a giant spider 2 black lights a vampire bat a gnome ruler a gold golem a werewolf 2 lizards a dog a jaguar a dwarf leader a blue jelly a white unicorn 3 dust vortices 2 ravens a plains centaur a snake a human zombie a wood nymph 2 Mordor orcs 2 Uruk-hai 3 rock piercers a pony 3 fog clouds 2 yellow lights 3 violet fungi a black mold 8 gnome leaders 2 gnomish wizards 2 gray oozes 6 elf zombies 2 paper golems 11 giant ants 3 floating eyes 13 dwarves 5 homunculi a kobold shaman 6 hill orcs 6 rothes 3 rabid rats a centipede 2 giant bats 3 orc zombies a dwarf zombie a werejackal 7 iguanas 3 killer bees an acid blob a coyote 2 gas spores 2 hobbits 3 manes 3 hobgoblins 7 giant rats 2 cave spiders 2 brown molds 3 yellow molds 2 green molds 40 gnomes 2 garter snakes 2 gnome zombies 5 geckos 6 jackals a fox 3 kobolds 8 goblins 3 sewer rats 12 grid bugs 2 bats 5 lichens 11 newts 270 creatures vanquished. No species were genocided or became extinct. Voluntary challenges: You read items or engraved 31 times. You never genocided any monsters. You never polymorphed an object. You never changed form. You never touched an artifact. You used no wishes. You never scared an enemy with impunity. You never generated conflict. You did not violate any of the special Sokoban rules. Achievements: You attained the rank of Conjurer. You entered the Gnomish Mines. You entered a shop. You read from a Discworld novel. You attained the rank of Thaumaturge. You entered Minetown. You entered a temple. You entered Sokoban. Dungeon overview: The Dungeons of Doom: levels 1 to 8 Level 1: "spellbooks in box" A sink. Level 2: A delicatessen, a fountain. Stairs down to The Gnomish Mines. Level 3: A scroll shop. Level 4: Level 5: "lamp dropped in kitchen" A general store, some sinks, a tree. Level 6: Many fountains. Oracle of Delphi. Level 7: <- You were here. Stairs up to Sokoban, level 6. Final resting place for you, killed by a bolt of cold zapped by a Green-elf. Level 8: The Gnomish Mines: levels 3 to 8 Level 3: Level 4: Level 5: "stash" Many shops, a temple, some fountains. Level 6: Level 7: Level 8: Sokoban: levels 6 up to 3 Level 3: Unsolved. Level 4: Solved. Level 5: Solved. Level 6: Solved. Game over: __________ / \ / REST \ / IN \ / PEACE \ / \ | Catomat | | 268 Au | | killed by a bolt | | of cold zapped | | by a Green-elf | | | | 2024 | *| * * * | * _________)/\\_//(\/(/\)/\//\/|_)_______ Goodbye Catomat the Wizard... You died in The Dungeons of Doom on dungeon level 7 with 11826 points, and 268 pieces of gold, after 22014 moves. You were level 8 with a maximum of 64 hit points when you died.